 Dungeon Crawl Stone Soup version 0.26-a0-52-gd53d4cd (webtiles) character file.

Game seed: 2775829248496533859

65 thirtiethelement the Skirmisher (level 3, 0/29 HPs)
             Began as a Demonspawn Abyssal Knight on June 6, 2020.
             Was a Follower of Lugonu.
             Killed from afar by Natasha (6 damage)
             ... with a puff of flame
             ... on level 2 of the Dungeon.
             The game lasted 00:02:41 (1655 turns).

thirtiethelement the Skirmisher (DsAK)              Turns: 1655, Time: 00:02:43

Health: 0/29       AC:  3    Str: 13    XL:     3   Next: 94%
Magic:  5/5        EV: 11    Int: 13    God:    Lugonu [*.....]
Gold:   83         SH:  0    Dex: 12    Spells: 2/2 levels left

rFire    . . .     SeeInvis .   a - +2 falchion
rCold    . . .     Gourm    .   (no shield)
rNeg     . . .     Faith    .   b - +0 leather armour
rPois    .         Spirit   .   d - +0 hat
rElec    .         Reflect  .   (no cloak)
rCorr    .         Harm     .   (no gloves)
MR       .....                  (no boots)
Stlth    +.........             (no amulet)
HPRegen  0.09/turn              (no ring)
MPRegen  0.09/turn              (no ring)

@: slowed, very slow
A: horns 1
a: Depart the Abyss, Renounce Religion


You were on level 2 of the Dungeon.
You worshipped Lugonu.
Lugonu was aware of your devotion.
You were not hungry.

You visited 1 branch of the dungeon, and saw 2 of its levels.
You visited the Abyss 1 time.

You collected 83 gold pieces.

Inventory:

Hand Weapons
 a - a +2 falchion (weapon)
Armour
 b - a +0 leather armour (worn)
 d - a +0 hat (worn)
Jewellery
 g - an uncursed amulet of magic regeneration {unknown}
Wands
 e - a wand of iceblast (9)
Scrolls
 h - 2 scrolls of remove curse
Potions
 i - a potion of ambrosia
Comestibles
 c - 2 rations
 f - a chunk of flesh


   Skills:
 + Level 3.6 Fighting
 + Level 2.7 Long Blades
 + Level 2.2 Armour
 + Level 1.2 Dodging
 + Level 2.7 Invocations


You had 2 spell levels left.
You didn't know any spells.
Your spell library was empty.

Dungeon Overview and Level Annotations

Branches:
Dungeon (2/15)

Altars:

Annotations:
D:2 Natasha


Innate Abilities, Weirdness & Mutations

You have a pair of small horns on your head.


Message History

Natasha hisses angrily.
Natasha casts a spell at you.
You feel yourself slow down.
You barely miss Natasha.
Natasha casts a spell.
Natasha closely misses you.
You barely miss Natasha. Natasha casts a spell at you. The magic dart hits you!
Natasha claws you!
You are too injured to fight recklessly!
You are too injured to fight recklessly!
You are too injured to fight recklessly!
You are too injured to fight recklessly!
You slash Natasha!
Natasha is heavily wounded.
Natasha stares at you and mumbles some strange words.
The magic dart hits you!
* * * LOW HITPOINT WARNING * * *
Natasha zaps a wand.
The puff of flame hits you.
You die...

#####......
#######..........
..######.......###......
.........####### #......
..######.....# #......
#.....# ##.##### #.....#
#...#
...#####.....####...#
#...5h@............#
##########.........##
####..........#
##.......##.......
#.....##..#####).# # ..
.#.....#......... ##. #.
#............... ....#.
#...............
#..#.###.....(........


You could see Natasha and a shadow imp (summoned).

Vanquished Creatures
  2 adders (D:2)
  An ooze (D:1)
  A dart slug (D:1)
  8 bats
  2 giant cockroaches
  3 hobgoblins (D:1)
  5 jackals (D:2)
  5 frilled lizards
  8 goblins
  3 kobolds
  2 rats (D:1)
40 creatures vanquished.

Notes
Turn   | Place    | Note
-------+----------+-------------------------------------------
     0 | Abyss:1  | thirtiethelement the Demonspawn Abyssal Knight began the
                  | quest for the Orb.
     0 | Abyss:1  | Reached XP level 1. HP: 18/18 MP: 2/2
    23 | Abyss:2  | Found a roughly hewn altar of Beogh.
    71 | Abyss:2  | Noticed a tentacled starspawn
    90 | D:1      | Escaped the Abyss
   365 | D:1      | Reached * piety under Lugonu
   368 | D:1      | Gained mutation: You have a pair of small horns on your
                  | head. [demonic ancestry]
   368 | D:1      | Reached XP level 2. HP: 24/24 MP: 3/3
  1035 | D:1      | Reached XP level 3. HP: 29/29 MP: 4/4
  1258 | D:2      | Reached skill level 1 in Dodging
  1651 | D:2      | Noticed Natasha
  1655 | D:2      | Killed from afar by Natasha

Illustrated notes

Levels and vault maps discovered:
D:1:      lemuel_arrival_rhombus, layout_loops_ring, minmay_misc_feat_tiny,
          st_stairs_10, corner_web_ring, hex_large
D:2:      layout_rooms, minmay_misc_feat_columns, minmay_shallow_snake_nest,
          uniq_natasha

Skill      XL: |  1  2  3 |
---------------+----------+-----
Armour         | 2 |  2.2
Long Blades    | 2 |  2.7
Dodging        | 1 |  1.2
Fighting       | |  3.6
Invocations    | |  2.7

Action                   || total
-------------------------++-------
Melee: Falchion          ||    92
       Headbutt          ||    11
Invok: Depart the Abyss  ||     1
  Use: Scroll            ||     2
       Potion            ||     1
  Eat: Ration            ||     1
       Chunk             ||     1
Armor: Leather armour    ||    37
Dodge: Dodged            ||    77
       Rpst.: Falchion   ||    26

Table legend:
 A = Non-vault XP
 B = Vault XP
 C = Vault XP percentage of total XP
 D = Non-vault monster count
 E = Vault monster count
 F = Vault count percentage of total count
                 A         B        C        D         E       F
            +---------+---------+-------+---------+---------+-------
      Total |      89 |       5 |   5.3 |      37 |       3 |   7.5
            +---------+---------+-------+---------+---------+-------
        D:1 |      37 |       5 |  11.9 |      20 |       3 |  13.0
        D:2 |      52 |       0 |   0.0 |      17 |       0 |   0.0
            +---------+---------+-------+---------+---------+-------
